[ AOE2 MATCH · #505862550 ]
UnrankedGoths vs Saracens
Player's team · LOSS
Rival team · WIN
[ REPLAY ANALYSIS · EXTRACTED FROM THE RECORDED GAME ]
Feudal
9:48
Castle
22:18
Imperial
—
| APM avg | 78.2 |
| APM peak | 143 |
| eAPM avg | 32.0 |
| Villagers / military | 121 / 88 |
Focus
⚔️ 49.8% · 🌾 50.2%
Archer ×69 · Mangonel ×10 · Huskarl ×3 · Militia ×3 · Battering Ram ×2 · Skirmisher ×1
Feudal
11:14
Castle
21:01
Imperial
38:02
| APM avg | 99.7 |
| APM peak | 170 |
| eAPM avg | 22.5 |
| Villagers / military | 111 / 88 |
Focus
⚔️ 40.0% · 🌾 60.0%
Archer ×82 · Militia ×3 · Spearman ×2 · Monk ×1
Match map
Initial resources + every placement click. Lines = walls · curves = elevation contours. ◆ gold · ⬟ stone · ● berries · ✦ relic · ◌ wall gap
Your base· ✓ Closed at 22:18 · 40t walls · no gate
Black Lotus's base· Open — opponent sealed themselves in
Smoothed initial terrain · ◌ = detected wall gap · hover for details
Inputs per minute
— Edelreiss - - Black Lotus
Build order — Edelreiss
First 150 of 323 actions detected
| 0:01 | Create | Villager (Male) |
| 0:01 | Create | Villager (Male) |
| 0:02 | Create | Villager (Male) |
| 0:03 | Build | House |
| 0:04 | Build | House |
| 0:10 | Create | Villager (Male) |
| 1:28 | Create | Villager (Male) |
| 1:33 | Build | Mill |
| 1:56 | Create | Villager (Male) |
| 2:25 | Create | Villager (Male) |
| 2:25 | Create | Villager (Male) |
| 2:51 | Create | Villager (Male) |
| 2:56 | Create | Villager (Male) |
| 3:11 | Research | Loom |
| 3:12 | Create | Villager (Male) |
| 3:15 | Create | Villager (Male) |
| 3:50 | Create | Villager (Male) |
| 3:52 | Build | House |
| 4:11 | Create | Villager (Male) |
| 4:11 | Create | Villager (Male) |
| 4:24 | Create | Villager (Male) |
| 4:44 | Create | Villager (Male) |
| 5:49 | Create | Villager (Male) |
| 6:13 | Create | Villager (Male) |
| 6:18 | Build | Lumber Camp |
| 6:35 | Create | Villager (Male) |
| 6:48 | Build | House |
| 7:13 | Create | Villager (Male) |
| 7:35 | Research | Feudal Age |
| 7:35 | Research | Feudal Age |
| 7:59 | Build | Mining Camp |
| 8:22 | Create | Villager (Male) |
| 8:38 | Build | House |
| 8:49 | Create | Villager (Male) |
| 9:00 | Build | Barracks |
| 9:05 | Create | Villager (Male) |
| 9:28 | Create | Villager (Male) |
| 9:37 | Build | House |
| 9:37 | Build | House |
| 9:41 | Build | House |
| 9:46 | Create | Militia |
| 9:46 | Create | Militia |
| 9:48 | Age | Feudal Age |
| 9:54 | Research | Double-Bit Axe |
| 9:54 | Research | Double-Bit Axe |
| 10:08 | Create | Militia |
| 10:12 | Build | House |
| 10:21 | Build | Palisade Wall |
| 10:28 | Create | Villager (Male) |
| 10:48 | Research | Man-at-Arms (upgrade) |
| 10:50 | Build | Mill |
| 11:09 | Create | Villager (Male) |
| 11:12 | Build | Palisade Wall |
| 11:39 | Build | Archery Range |
| 11:55 | Build | Palisade Wall |
| 11:55 | Create | Villager (Male) |
| 11:58 | Build | Palisade Wall |
| 12:34 | Create | Villager (Male) |
| 12:35 | Build | Farm |
| 12:36 | Create | Archer |
| 12:36 | Create | Archer |
| 12:38 | Build | House |
| 13:00 | Build | Farm |
| 13:01 | Build | Farm |
| 13:18 | Create | Skirmisher |
| 13:25 | Create | Villager (Male) |
| 13:25 | Create | Villager (Male) |
| 13:27 | Build | Farm |
| 13:37 | Build | House |
| 13:41 | Create | Archer |
| 13:44 | Create | Villager (Male) |
| 13:53 | Create | Archer |
| 14:05 | Create | Villager (Male) |
| 14:07 | Build | Farm |
| 14:26 | Build | Blacksmith |
| 14:29 | Create | Villager (Male) |
| 14:32 | Build | Palisade Wall |
| 14:40 | Build | House |
| 14:43 | Build | Palisade Wall |
| 14:53 | Build | Palisade Wall |
| 14:53 | Build | Palisade Wall |
| 14:54 | Create | Villager (Male) |
| 14:57 | Build | Palisade Wall |
| 15:06 | Build | Farm |
| 15:09 | Create | Archer |
| 15:18 | Research | Fletching |
| 15:18 | Research | Fletching |
| 15:19 | Build | Palisade Wall |
| 15:23 | Create | Archer |
| 15:36 | Build | Farm |
| 15:38 | Build | Farm |
| 15:45 | Create | Villager (Male) |
| 15:46 | Create | Archer |
| 16:08 | Build | Lumber Camp |
| 16:14 | Create | Villager (Male) |
| 16:14 | Create | Villager (Male) |
| 16:25 | Create | Archer |
| 16:35 | Build | Farm |
| 16:40 | Create | Archer |
| 16:41 | Create | Villager (Male) |
| 16:44 | Create | Villager (Male) |
| 16:53 | Create | Villager (Male) |
| 16:57 | Build | Farm |
| 16:58 | Create | Archer |
| 17:15 | Build | Farm |
| 17:16 | Build | Farm |
| 17:22 | Create | Villager (Male) |
| 17:32 | Create | Villager (Male) |
| 17:37 | Build | Farm |
| 17:39 | Build | Farm |
| 17:44 | Create | Archer |
| 18:09 | Build | Farm |
| 18:12 | Build | Farm |
| 18:26 | Create | Villager (Male) |
| 18:34 | Build | Market |
| 18:44 | Create | Archer |
| 18:48 | Create | Villager (Male) |
| 18:52 | Build | House |
| 19:24 | Build | House |
| 19:38 | Research | Castle Age |
| 19:38 | Research | Castle Age |
| 19:45 | Create | Archer |
| 20:10 | Create | Archer |
| 20:12 | Create | Archer |
| 20:16 | Research | Padded Archer Armor |
| 20:27 | Create | Villager (Male) |
| 20:33 | Build | Archery Range |
| 20:36 | Research | Gold Mining |
| 20:50 | Research | Horse Collar |
| 20:57 | Build | House |
| 20:59 | Create | Archer |
| 21:27 | Create | Archer |
| 21:37 | Create | Archer |
| 22:10 | Create | Archer |
| 22:18 | Age | Castle Age |
| 22:19 | Research | Crossbowman (upgrade) |
| 22:23 | Build | University |
| 22:28 | Research | Bodkin Arrow |
| 22:28 | Research | Bodkin Arrow |
| 22:45 | Create | Archer |
| 22:46 | Create | Villager (Male) |
| 23:15 | Create | Villager (Male) |
| 23:33 | Create | Archer |
| 23:33 | Create | Archer |
| 23:36 | Build | Palisade Wall |
| 23:48 | Create | Archer |
| 23:57 | Create | Villager (Male) |
| 23:58 | Create | Villager (Male) |
| 24:05 | Create | Villager (Male) |
| 24:07 | Create | Villager (Male) |
Build order — Black Lotus
First 150 of 309 actions detected
| 0:00 | Create | Villager (Male) |
| 0:00 | Create | Villager (Male) |
| 0:00 | Create | Villager (Male) |
| 0:01 | Create | Villager (Male) |
| 0:02 | Build | House |
| 0:03 | Build | House |
| 1:30 | Create | Villager (Male) |
| 1:30 | Create | Villager (Male) |
| 1:55 | Create | Villager (Male) |
| 2:19 | Create | Villager (Male) |
| 2:35 | Build | Barracks |
| 2:39 | Create | Villager (Male) |
| 3:06 | Create | Villager (Male) |
| 3:40 | Build | House |
| 3:41 | Research | Loom |
| 3:46 | Create | Militia |
| 3:49 | Create | Villager (Male) |
| 4:05 | Create | Militia |
| 4:28 | Build | House |
| 4:36 | Create | Villager (Male) |
| 4:44 | Create | Villager (Male) |
| 4:47 | Create | Militia |
| 5:06 | Create | Villager (Male) |
| 5:41 | Create | Villager (Male) |
| 5:56 | Create | Villager (Male) |
| 5:57 | Create | Villager (Male) |
| 6:45 | Create | Villager (Male) |
| 7:13 | Create | Villager (Male) |
| 7:32 | Create | Villager (Male) |
| 7:35 | Build | House |
| 7:59 | Create | Villager (Male) |
| 8:00 | Build | House |
| 8:03 | Build | Palisade Wall |
| 8:13 | Build | Lumber Camp |
| 8:34 | Create | Villager (Male) |
| 9:04 | Research | Feudal Age |
| 9:30 | Build | House |
| 10:05 | Create | Villager (Male) |
| 10:08 | Build | Mill |
| 10:18 | Build | Mining Camp |
| 11:14 | Age | Feudal Age |
| 11:16 | Build | Archery Range |
| 11:19 | Research | Double-Bit Axe |
| 11:21 | Build | Farm |
| 11:33 | Create | Villager (Male) |
| 11:35 | Build | Farm |
| 11:43 | Build | Palisade Wall |
| 11:51 | Create | Villager (Male) |
| 11:51 | Create | Villager (Male) |
| 11:57 | Create | Spearman |
| 12:03 | Build | House |
| 12:06 | Build | Palisade Wall |
| 12:11 | Create | Archer |
| 12:15 | Build | Palisade Wall |
| 12:17 | Build | Palisade Wall |
| 12:17 | Create | Villager (Male) |
| 12:23 | Build | Palisade Wall |
| 12:30 | Create | Archer |
| 12:40 | Build | Farm |
| 12:41 | Create | Archer |
| 12:52 | Build | Farm |
| 13:19 | Create | Spearman |
| 13:22 | Build | Farm |
| 13:24 | Build | Palisade Wall |
| 13:25 | Build | Palisade Wall |
| 13:27 | Build | Farm |
| 13:32 | Create | Archer |
| 13:47 | Create | Villager (Male) |
| 13:50 | Build | Farm |
| 13:56 | Build | House |
| 13:57 | Build | Palisade Wall |
| 14:11 | Create | Villager (Male) |
| 14:22 | Build | Palisade Wall |
| 14:32 | Build | Palisade Wall |
| 14:33 | Build | Palisade Wall |
| 14:35 | Build | Palisade Wall |
| 14:36 | Create | Villager (Male) |
| 14:36 | Create | Archer |
| 14:40 | Build | Farm |
| 14:41 | Create | Villager (Male) |
| 15:09 | Build | Palisade Wall |
| 15:09 | Build | Palisade Wall |
| 15:11 | Create | Villager (Male) |
| 15:18 | Create | Archer |
| 15:20 | Create | Villager (Male) |
| 15:39 | Build | Market |
| 15:48 | Build | Farm |
| 15:51 | Build | Palisade Wall |
| 16:07 | Build | House |
| 16:10 | Build | House |
| 16:14 | Create | Archer |
| 16:33 | Build | House |
| 16:40 | Build | House |
| 16:58 | Create | Villager (Male) |
| 17:00 | Build | Blacksmith |
| 17:04 | Create | Archer |
| 17:20 | Create | Archer |
| 17:22 | Create | Villager (Male) |
| 17:25 | Research | Fletching |
| 17:31 | Build | Farm |
| 17:44 | Create | Archer |
| 17:45 | Create | Villager (Male) |
| 18:14 | Build | Farm |
| 18:21 | Research | Castle Age |
| 18:21 | Research | Castle Age |
| 18:37 | Create | Archer |
| 18:37 | Create | Villager (Male) |
| 18:39 | Build | Archery Range |
| 19:02 | Research | Padded Archer Armor |
| 19:10 | Build | House |
| 19:11 | Build | House |
| 19:13 | Build | House |
| 19:22 | Create | Villager (Male) |
| 19:42 | Create | Archer |
| 19:44 | Create | Villager (Male) |
| 20:25 | Create | Archer |
| 20:25 | Create | Archer |
| 20:34 | Create | Archer |
| 20:42 | Build | Lumber Camp |
| 20:43 | Build | Mining Camp |
| 21:01 | Age | Castle Age |
| 21:05 | Research | Crossbowman (upgrade) |
| 21:19 | Research | Bodkin Arrow |
| 21:27 | Create | Villager (Male) |
| 21:36 | Build | University |
| 21:45 | Create | Villager (Male) |
| 21:47 | Build | House |
| 21:53 | Create | Archer |
| 21:58 | Create | Villager (Male) |
| 22:19 | Create | Archer |
| 22:19 | Create | Archer |
| 22:46 | Research | Ballistics |
| 23:26 | Create | Villager (Male) |
| 23:28 | Create | Villager (Male) |
| 23:57 | Create | Archer |
| 24:13 | Create | Archer |
| 24:44 | Create | Archer |
| 24:45 | Create | Archer |
| 24:45 | Create | Villager (Male) |
| 24:48 | Create | Archer |
| 24:49 | Create | Archer |
| 24:50 | Create | Villager (Male) |
| 24:56 | Create | Villager (Male) |
| 24:58 | Build | Town Center |
| 24:59 | Create | Archer |
| 24:59 | Create | Archer |
| 25:04 | Build | Farm |
| 25:08 | Build | Farm |
| 25:08 | Build | Farm |
| 25:10 | Build | Farm |
Match timeline
| 2:35 | Black Lotus · first_building Barracks |
| 8:03 | Black Lotus · wall_segment Palisade Wall x6 |
| 9:00 | Edelreiss · first_building Barracks |
| 9:48 | Edelreiss · age_up feudal |
| 10:21 | Edelreiss · wall_segment Palisade Wall x5 |
| 11:12 | Edelreiss · wall_segment Palisade Wall x6 |
| 11:14 | Black Lotus · age_up feudal |
| 11:16 | Black Lotus · first_building Archery Range |
| 11:39 | Edelreiss · first_building Archery Range |
| 11:43 | Black Lotus · wall_segment Palisade Wall x6 |
| 11:55 | Edelreiss · wall_segment Palisade Wall x12 |
| 11:58 | Edelreiss · wall_segment Palisade Wall x7 |
| 12:06 | Black Lotus · wall_segment Palisade Wall x3 |
| 12:15 | Black Lotus · wall_segment Palisade Wall x1 |
| 12:17 | Black Lotus · wall_segment Palisade Wall x1 |
| 12:23 | Black Lotus · wall_segment Palisade Wall x1 |
| 13:24 | Black Lotus · wall_segment Palisade Wall x1 |
| 13:25 | Black Lotus · wall_segment Palisade Wall x1 |
| 13:57 | Black Lotus · wall_segment Palisade Wall x6 |
| 14:22 | Black Lotus · wall_segment Palisade Wall x9 |
| 14:32 | Black Lotus · wall_segment Palisade Wall x6 |
| 14:32 | Edelreiss · wall_segment Palisade Wall x1 |
| 14:33 | Black Lotus · wall_segment Palisade Wall x4 |
| 14:35 | Black Lotus · wall_segment Palisade Wall x8 |
| 14:43 | Edelreiss · wall_segment Palisade Wall x5 |
| 14:53 | Edelreiss · wall_segment Palisade Wall x3 |
| 14:53 | Edelreiss · wall_segment Palisade Wall x3 |
| 14:57 | Edelreiss · wall_segment Palisade Wall x1 |
| 15:09 | Black Lotus · wall_segment Palisade Wall x1 |
| 15:09 | Black Lotus · wall_segment Palisade Wall x1 |
| 15:19 | Edelreiss · wall_segment Palisade Wall x1 |
| 15:51 | Black Lotus · wall_segment Palisade Wall x1 |
| 17:13 | Black Lotus · first_market_sell 100 stone |
| 17:14 | Black Lotus · first_market_buy 100 food |
| 19:26 | Edelreiss · first_market_buy 100 food |
| 19:30 | Edelreiss · first_market_sell 100 stone |
| 21:01 | Black Lotus · age_up castle |
| 22:18 | Edelreiss · age_up castle |
| 23:36 | Edelreiss · wall_segment Palisade Wall x1 |
| 25:38 | Edelreiss · wall_segment Palisade Wall x1 |
| 27:02 | Edelreiss · first_building Siege Workshop |
| 28:12 | Edelreiss · wall_segment Palisade Wall x1 |
| 34:27 | Black Lotus · first_building Monastery |
| 38:02 | Black Lotus · age_up imperial |
| 38:15 | Edelreiss · first_building Castle |
| 39:39 | Black Lotus · first_building Castle |
| 40:39 | Edelreiss · resign |
[ AI ANALYSIS · 1 CREDIT ]
What really happened in this match?
Wolo.gg analyzes every decision: build order, eco, micro, common mistakes by bracket. Personalized analysis on WhatsApp or Discord in 30 seconds.
Civ guide
Goths
Perfil
Jugador #10336951